Unix NetHack Version 5.0.0-0 post-release - last build May 31 2026 23:59:36 (970b52f25bf058293b47ddfd14a1e40e571c508c,branch:main).

Game began 2026-06-07 23:42:14, ended 2026-06-07 23:58:12.

Jobair, lawful female dwarven Archeologist

                                                                         -----
                                                                         |`..|
                                                                      ###-...|
                                                                      #  |...|
                                                           --------   #  -----
                                                           |.o@....####
                                                           -.....d|
                                                           |..{.`.|
                                                           -----|--
                                                                #        ----
                                                                #########...|
                                                                         |..|
                                                                         ----

Jobair the Field Worker    St:9 Dx:9 Co:14 In:15 Wi:16 Ch:10  Lawful
Dlvl:6  $:3020 HP:0(30) Pw:12(12) AC:9  Xp:4 T:2238  Burdened

Latest messages:
 You start digging.
 You hit the rock with all your might.
 You succeed in cutting away some rock.
 You start digging.
 You hit the rock with all your might.
 You succeed in cutting away some rock.
 You start digging.
 You hit the rock with all your might.
 You succeed in cutting away some rock.
 You start digging.
 You hit the rock with all your might.
 You succeed in cutting away some rock.
 You start digging.
 You hit the rock with all your might.
 You succeed in cutting away some rock.
 You are carrying too much to get through.
 You start digging.
 You hit the rock with all your might.
 You succeed in cutting away some rock.
 What do you want to wield?
 a - a +2 bullwhip (weapon in right hand).
 What do you want to wield?
 O - a curved sword (weapon in right hand).
 Something is written here in the dust.
 You read: "c  ??   ?".
 You find a hidden door.
 This door is locked.
 Unlock it with your lock pick? [ynq] (q) y
 You succeed in picking the lock.
 The hobgoblin opens a door.
 You hit the hobgoblin.
 You miss the hobgoblin.
 The hobgoblin thrusts her crude dagger.
 The hobgoblin hits!
 You miss the hobgoblin.
 The hobgoblin thrusts her crude dagger.
 The hobgoblin hits!
 The hobgoblin thrusts her crude dagger.
 The hobgoblin hits!
 You stop.  Godzilla is in the way!
 The hobgoblin thrusts her crude dagger.
 The hobgoblin hits!
 The hobgoblin thrusts her crude dagger.
 The hobgoblin hits!
 You die...
 Do you want your possessions identified? [ynq] (y) y
 Do you want to see your attributes? [ynq] (y) y
 Do you want an account of creatures vanquished? [ynaq] (y) y
 Do you want to see your conduct and achievements? [ynq] (y) y
 Do you want to see the dungeon overview? [ynq] (y) y

Inventory:
 Coins    ('$')
  $ - 3020 gold pieces
 Weapons  (')')
  t - a +0 orcish dagger
  a - a +2 bullwhip
  O - a +0 scimitar (weapon in right hand)
 Armor    ('[')
  c - an uncursed +0 fedora (being worn)
  h - an uncursed +0 leather jacket (being worn)
 Comestibles  ('%')
  K - 2 uncursed apples
  d - 2 uncursed food rations
  k - a cursed tripe ration
 Scrolls  ('?')
  z - an uncursed scroll of enchant armor
  I - an uncursed scroll of light
 Spellbooks  ('+')
  w - an uncursed spellbook of charm monster
  A - an uncursed spellbook of force bolt
 Potions  ('!')
  B - an uncursed potion of extra healing
  o - an uncursed potion of fruit juice
  M - an uncursed potion of gain energy
  v - a blessed potion of healing
  p - an uncursed potion of healing
  m - a cursed potion of monster detection
  R - a blessed potion of object detection
  x - an uncursed potion of object detection
  y - a cursed potion of paralysis
  E - an uncursed potion of polymorph
  D - 2 uncursed potions of water
 Rings    ('=')
  N - an uncursed ring of levitation
  P - a cursed ring of polymorph
 Wands    ('/')
  C - a wand of digging (0:5)
  Q - a wand of magic missile (0:3)
 Tools    ('(')
  b - an empty uncursed sack
  u - an uncursed credit card
  G - an uncursed lock pick
  S - an uncursed mirror
  i - an uncursed oil lamp
  e - a +0 pick-axe
  r - an uncursed tin whistle
  f - a tinning kit (0:47)
  j - an uncursed towel
 Gems/Stones  ('*')
  l - a cursed aquamarine stone
  H - 2 uncursed worthless pieces of blue glass
  q - a cursed worthless piece of green glass
  J - 2 uncursed worthless pieces of red glass
  s - an uncursed luckstone
  g - an uncursed touchstone

Jobair the Archeologist's attributes:

Background:
 You were a Field Worker, a level 4 female dwarven Archeologist.
 You were lawful, nominally on a mission for Quetzalcoatl
 who was opposed by Camaxtli (neutral) and Huhetotl (chaotic).
 You were right-handed.
 You were in the Dungeons of Doom, on level 6.
 You entered the dungeon 2238 turns ago.
 It was nighttime.
 You had 102 experience points, 58 more were needed to attain level 5.

Basics:
 You had 0 out of 30 hit points.
 You had all 12 energy points (spell power).
 Your armor class was 9.
 Your wallet contained 3020 zorkmids.
 Autopickup was off.

Final Characteristics:
 Your strength was 9 (peak:12, limit:18/100).
 Your dexterity was 9 (limit:20).
 Your constitution was 14 (limit:20).
 Your intelligence was 15 (limit:16).
 Your wisdom was 16 (limit:16).
 Your charisma was 10 (limit:16).

Final Status:
 You weren't hungry.
 You were burdened; movement was slightly slowed.
 You were wielding a saber.
 You were unskilled in saber.

Final Attributes:
 You were devoutly aligned.
 You had automatic searching.
 You had infravision.
 You were lucky.
 You had extra luck.
 Bad luck did not time out for you.
 Good luck did not time out for you.
 You are dead.

Miscellaneous:
 You didn't encounter any bones levels.
 Total elapsed playing time was 15 minutes and 57 seconds.

Major events:
 Turn
    1: Jobair the lawful female dwarven Archeologist entered the dungeon
 1416: attained the rank of Field Worker (level 3)
 2238: killed by a hobgoblin

You didn't know any spells.

Skills:
 Fighting Skills
   bare handed combat [Unskilled]
   two weapon combat  [Unskilled]
   riding             [Unskilled]
 Weapon Skills
   dagger             [Unskilled]
   knife              [Unskilled]
   pick-axe           [Basic]
   short sword        [Unskilled]
   saber              [Unskilled]
   club               [Unskilled]
   quarterstaff       [Unskilled]
   sling              [Unskilled]
   dart               [Unskilled]
   boomerang          [Unskilled]
   whip               [Basic]
   unicorn horn       [Unskilled]
 Spellcasting Skills
   attack spells      [Unskilled]
   healing spells     [Unskilled]
   divination spells  [Unskilled]
   matter spells      [Unskilled]

Voluntary challenges:
 Character rerolling was not enabled.
 You were an atheist.
 You never genocided any monsters.
 You never polymorphed an object.
 You never changed form.
 You used no wishes.
Achievements:
 You entered a shop.
 You attained the rank of Field Worker.

 The Dungeons of Doom: levels 1 to 6
    Level 1:
    Level 2:
    Level 3:
    Level 4:
       A potion shop.
    Level 5:
    Level 6: <- You were here.
       A fountain.
       Final resting place for
          you, killed by a hobgoblin.


Vanquished creatures:
  a water nymph
  a shrieker
  a floating eye
  a kobold shaman
  2 hill orcs
 an iguana
  a gas spore
  a manes
  4 giant rats
  a cave spider
  a brown mold
  a gnome zombie
  a gecko
  3 jackals
  a fox
  2 kobolds
  2 goblins
  2 sewer rats
  a grid bug
  a bat
  a lichen
  a kobold zombie
  4 newts
35 creatures vanquished.

No species were genocided or became extinct.

Game over:
                       ----------
                      /          \
                     /    REST    \
                    /      IN      \
                   /     PEACE      \
                  /                  \
                  |      Jobair      |
                  |     3020 Au      |
                  |   killed by a    |
                  |    hobgoblin     |
                  |                  |
                  |                  |
                  |       2026       |
                 *|     *  *  *      | *
        _________)/\\_//(\/(/\)/\//\/|_)_______

Goodbye Jobair the Archeologist...

You died in The Dungeons of Doom on dungeon level 6 with 3386 points,
and 3020 pieces of gold, after 2238 moves.
You were level 4 with a maximum of 30 hit points when you died.

